AoeStats
← [Massa] Edo

Fortress

509787118Analyzed
2v2 RM · 3d ago on Sep 28, 2026· 50m 13s· 4 players
Game mode
Random Map
Map size
Normal (6 player)
Population
200
Speed
Normal
Resources
Standard
Victory
Conquest
Starting age
Dark Age
Ending age
Imperial Age
RankedLock teamsTeams togetherTeam positionsShared explorationLock speedFull tech treeHidden civsTurbo modeCheats
Victory
Defeat
🇺🇸 Chinese · United States
1396
+17
🇺🇸 Varangians · United States
1388
+17
🇧🇷 Italians · Brazil
1430
-18
🇧🇷 Franks · Brazil
1401
-16
jube
7:34 Feudal Age
8:07 Double-Bit Axe
8:02 Horse Collar
12:57 Castle Age
11:09 Gold Mining
13:57 Bow Saw
13:55 Heavy Plow
15:43 Stone Mining
16:54 Loom
18:57 Wheelbarrow
26:46 Imperial Age
25:44 Scale Barding Armor
25:54 Bloodlines
25:55 Husbandry
26:11 Forging
26:06 Fletching
27:08 Chain Barding Armor
27:08 Hand Cart
27:15 Ballistics
26:32 Vendel Legacy
30:39 Imperial Age
30:45 Imperial Age
30:53 Iron Casting
31:04 Bodkin Arrow
31:21 Masonry
31:21 Cavalier
32:52 Plate Barding Armor
33:20 Blast Furnace
32:12 Light Cavalry
33:16 Conscription
34:08 Two-Man Saw
33:14 Town Watch
33:08 Hussar
34:48 Capped Ram
36:12 Bracer
37:17 Chemistry
37:02 Elite Skirmisher
38:15 Siege Ram
40:20 Padded Archer Armor
41:23 Architecture
44:08 Siege Engineers
45:26 Leather Archer Armor
44:37 Onager
45:22 Caravan
Malarkey
0:32 Loom
7:44 Feudal Age
9:11 Double-Bit Axe
12:05 Castle Age
10:19 Double-Bit Axe
10:40 Horse Collar
13:01 Bow Saw
13:14 Heavy Plow
14:20 Wheelbarrow
14:57 Fletching
19:46 Hand Cart
21:17 Gold Mining
21:31 Bodkin Arrow
22:36 Gold Shaft Mining
26:29 Imperial Age
24:18 Padded Archer Armor
24:33 Scale Mail Armor
25:57 Town Watch
26:58 Leather Archer Armor
27:13 Bracer
27:28 Elite Chu Ko Nu
29:29 Ballistics
30:31 Chemistry
30:03 Thumb Ring
31:23 Elite Fire Lancer
32:57 Chain Mail Armor
34:09 Plate Mail Armor
36:07 Forging
35:58 Squires
37:30 Masonry
38:40 Conscription
39:50 Iron Casting
43:06 Bloodlines
42:16 Light Cavalry
43:02 Scale Barding Armor
45:32 Husbandry
46:33 Blast Furnace
45:54 Chain Barding Armor
49:04 Caravan
tg
10:02 Feudal Age
10:43 Double-Bit Axe
11:15 Gold Mining
13:34 Castle Age
12:46 Stone Mining
14:45 Bow Saw
17:33 Wheelbarrow
18:41 Fletching
19:52 Hand Cart
20:26 Loom
24:39 Imperial Age
22:45 Scale Barding Armor
22:30 Town Watch
24:03 Chain Barding Armor
25:01 Husbandry
24:43 Cavalier
25:46 Conscription
26:27 Plate Barding Armor
27:42 Onager
33:30 Siege Engineers
35:16 Chemistry
33:58 Treadmill Crane
34:18 Bodkin Arrow
34:23 Padded Archer Armor
36:36 Leather Archer Armor
36:45 Masonry
37:44 Caravan
38:14 Forging
38:30 Elite Skirmisher
40:51 Paladin
43:14 Architecture
43:05 Ballistics
43:36 Iron Casting
44:34 Heavy Scorpion
46:27 Capped Ram
49:11 Murder Holes
[Massa] Edo
8:42 Feudal Age
9:30 Double-Bit Axe
12:23 Castle Age
10:05 Horse Collar
13:23 Bow Saw
16:45 Loom
17:42 Wheelbarrow
16:54 Loom
17:24 Gold Mining
22:12 Imperial Age
20:31 Heavy Plow
20:38 Padded Archer Armor
21:48 Leather Archer Armor
22:06 Ballistics
24:03 Two-Man Saw
24:06 Chemistry
23:31 Conscription
24:41 Ring Archer Armor
27:42 Pirotechnia
32:33 Crop Rotation
31:55 Fletching
32:22 Hand Cart
32:33 Bodkin Arrow
34:58 Thumb Ring
34:14 Crossbowman
37:52 Bracer
37:19 Elite Genoese Crossbowman
39:35 Murder Holes
39:51 Masonry
40:21 Hoardings
41:33 Scale Barding Armor
41:39 Forging
42:38 Chain Barding Armor
42:21 Light Cavalry
43:11 Bloodlines
43:02 Husbandry
44:06 Iron Casting
43:48 Caravan
45:37 Plate Barding Armor
46:50 Blast Furnace
46:29 Silk Road
Connection lost

Rejoining the realm…

Still unreachable

The connection could not be restored.

Session expired

The server has moved on; the page needs a fresh start.